 Dungeon Crawl Stone Soup version 0.23.2-11-gf996548c65 (webtiles) character file.

Game seed: 11947774672811918440

3760 Kobolds4U the Carver (level 9, -13/84 (85) HPs)
             Began as a Minotaur Fighter on June 4, 2019.
             Was an Initiate of Ashenzari.
             Mangled by an orc warrior
             ... wielding a +0 hand axe of electrocution
              (20 damage)
             ... on level 7 of the Dungeon on June 5, 2019.
             The game lasted 00:17:34 (6974 turns).

Kobolds4U the Carver (Minotaur Fighter)             Turns: 6974, Time: 00:17:35

HP:   -13/84 (85)   AC: 15    Str: 22    XL:     9   Next: 94%
MP:   8/8           EV:  4    Int:  6    God:    Ashenzari [......]
Gold: 117           SH:  9    Dex: 11    Spells: 8/8 levels left

rFire    . . .     SeeInvis .   a - +1 long sword (curse)
rCold    + + .     Gourm    .   c - +0 shield (curse)
rNeg     . . .     Faith    .   p - +0 plate armour (curse)
rPois    .         Spirit   .   (helmet restricted)
rElec    .         Reflect  .   (no cloak)
rCorr    .         Harm     .   E - +0 pair of gloves
MR       .....                  (no boots)
Stlth    ..........             (no amulet)
HPRegen  0.24/turn              l - ring of protection from cold
MPRegen  0.11/turn              t - ring of protection from cold

@: very slightly contaminated
A: retaliatory headbutt, horns 2
a: Curse Item, Renounce Religion


You were on level 7 of the Dungeon.
You worshipped Ashenzari.
Ashenzari was noncommittal.
You were hungry.

You visited 2 branches of the dungeon, and saw 8 of its levels.

You collected 369 gold pieces.
You spent 252 gold pieces at shops.

Inventory:

Hand Weapons
 a - a cursed +1 long sword (weapon)
 b - a +2 antimagic short sword
Missiles
 q - 2 tomahawks (quivered)
Armour
 c - a cursed +0 shield (worn)
 p - a cursed +0 plate armour (worn)
 x - a +0 buckler
 E - a +0 pair of gloves (worn)
Jewellery
 l - a ring of protection from cold (left hand)
 t - a ring of protection from cold (right hand)
Wands
 i - a wand of random effects (21)
 u - a wand of acid (7)
 y - a wand of clouds (2)
 A - a wand of digging (6)
Scrolls
 e - 3 scrolls of remove curse
 h - 3 scrolls of teleportation
 k - 2 scrolls of blinking
 n - 5 scrolls of fear {unknown}
 o - a scroll of enchant weapon
 s - 5 scrolls of identify {unknown}
 v - 3 scrolls of magic mapping {unknown}
 w - 2 scrolls of fog {unknown}
Potions
 d - 3 potions of might
 g - 3 potions of curing
 j - 6 potions of heal wounds
 m - a potion of magic {unknown}
 z - 3 potions of lignification
 B - a potion of haste
 C - a potion of mutation {unknown}
 F - 2 potions of invisibility
 G - a potion of flight {unknown}
Comestibles
 f - 7 rations


   Skills:
 + Level 9.6 Fighting
 + Level 12.3 Long Blades
 + Level 8.3 Armour
 - Level 4.0 Shields


You had 8 spell levels left.
You didn't know any spells.
Your spell library was empty.

Dungeon Overview and Level Annotations

Branches:
Dungeon (7/15)             Temple (1/1) D:6

Altars:
Ashenzari
Cheibriados
Dithmenos
Elyvilon
Fedhas
Gozag
Hepliaklqana
Kikubaaqudgha
Makhleb
Nemelex Xobeh
Qazlal
Ru
Sif Muna
Trog
Uskayaw
Wu Jian
Xom
Yredelemnul
Zin
The Shining One

Shops:
D:6 !

Annotations:
D:5 exclusion: door


Innate Abilities, Weirdness & Mutations

You reflexively headbutt those who attack you in melee.
You have a pair of horns on your head.


Message History

The orc warrior is almost dead.
Throwing (i - inventory. (/) - cycle)
r - 2 javelins (quivered)
Press: ? - help, Shift-Dir - straight line, f/p - orc warrior
Aim: an orc warrior, wielding a +0 hand axe of electrocution and wearing a +0 chain mail (almost dead)
You throw a javelin.
The javelin closely misses the orc warrior.
Throwing (i - inventory. (/) - cycle)
r - a javelin (quivered)
Press: ? - help, Shift-Dir - straight line, f/p - orc warrior
Aim: an orc warrior, wielding a +0 hand axe of electrocution and wearing a +0 chain mail (almost dead)
You throw a javelin.
The javelin closely misses the orc warrior.
The javelin hits the orc.
The orc is moderately wounded.
You block the orc warrior's attack.
You hit the orc warrior.
The orc warrior is almost dead.
The orc warrior hits you with a +0 hand axe of electrocution!
* * * LOW HITPOINT WARNING * * *
You are electrocuted!!
You die...

####.....#..#...<..5.....
#.....#..#.#####....##
#....##....# ###..#.#
#....'..#..# #....#.#
#....####..# #...####
#....##..)>###...#
#.^..#......##...#
######......##...#
#@......##...# ..
#.oo....##...# ......###.
#.......###### .#(.......
#...o......# .#.#......
...###......# .#.#......
#### #......# o#......
######......# o#....
#........(..# .#..###
######.oo........#


You could see an orc warrior and 2 orcs.

Vanquished Creatures
  Pikel (D:6)
  Sigmund (D:6)
  Edmund (D:6)
  A black bear (D:6)
  3 sky beasts
  An ice beast (D:6)
  A necrophage (D:6)
  2 eyes of draining (D:5)
  2 phantoms
  5 ogres
  2 centaurs
  2 bullfrogs
  5 scorpions
  4 wights (D:7)
  3 howler monkeys
  2 crimson imps
  A bullfrog zombie (D:6)
  2 centaur zombies
  5 hounds
  5 orc priests
  2 orc wizards (D:5)
  An iguana (D:7)
  7 worker ants
  4 adders
  10 river rats (D:6)
  3 shadow imps
  An ooze (D:1)
  2 adder zombies (D:6)
  An adder skeleton (D:4)
  2 worms (D:4)
  3 dart slugs
  3 leopard geckos (D:2)
  14 orcs
  5 bats
  6 giant cockroaches
  9 goblins
  9 hobgoblins
  4 jackals (D:5)
  7 quokkas
  6 frilled lizards
  8 kobolds
  15 rats
171 creatures vanquished.

Vanquished Creatures (others)
  A slave (D:6)
  An orc (D:6)
  A quokka skeleton (D:6)
3 creatures vanquished.

Grand Total: 174 creatures vanquished

Notes
Turn   | Place    | Note
-------+----------+-------------------------------------------
     0 | D:1      | Kobolds4U the Minotaur Fighter began the quest for the Orb.
     0 | D:1      | Reached XP level 1. HP: 19/19 MP: 0/0
   140 | D:1      | Reached skill level 3 in Long Blades
   204 | D:1      | Reached XP level 2. HP: 26/26 MP: 1/1
   314 | D:1      | Reached skill level 4 in Long Blades
   365 | D:1      | Found a deep blue altar of Sif Muna.
   367 | D:1      | Found a sacrificial altar of Ru.
   367 | D:1      | Found a shimmering altar of Xom.
   370 | D:1      | Found a glowing silver altar of Zin.
   370 | D:1      | Found an ancient bone altar of Kikubaaqudgha.
   370 | D:1      | Found an ancient bone altar of Kikubaaqudgha.
   480 | D:1      | Reached XP level 3. HP: 31/31 MP: 2/2
   669 | D:2      | Found a burning altar of Makhleb.
   677 | D:2      | Found a sparkling altar of Nemelex Xobeh.
   754 | D:2      | Reached skill level 5 in Long Blades
  1071 | D:3      | Reached XP level 4. HP: 17/39 MP: 3/3
  1352 | D:3      | You fall through a shaft!
  1442 | D:4      | Reached skill level 6 in Long Blades
  1458 | D:4      | Reached XP level 5. HP: 34/45 MP: 4/4
  1635 | D:4      | Reached skill level 7 in Long Blades
  2454 | D:4      | Reached XP level 6. HP: 51/51 MP: 5/5
  2622 | D:5      | Entered Level 5 of the Dungeon
  2707 | D:5      | Noticed a sky beast
  3125 | D:5      | Reached skill level 8 in Long Blades
  3194 | D:5      | Reached skill level 9 in Long Blades
  3409 | D:5      | Reached XP level 7. HP: 47/59 MP: 6/6
  3798 | D:5      | Found an ancient bone altar of Kikubaaqudgha.
  3816 | D:5      | Reached skill level 5 in Fighting
  3935 | D:5      | Found a bloodstained altar of Trog.
  3986 | D:5      | Reached skill level 10 in Long Blades
  4041 | D:5      | Reached XP level 8. HP: 36/70 MP: 5/7
  4287 | D:6      | Noticed Sigmund
  4465 | D:6      | Noticed Edmund
  4486 | D:6      | Killed Edmund
  4729 | D:6      | Reached skill level 5 in Armour
  4928 | D:6      | Found Nezxar's Distillery.
  4941 | D:6      | Bought a potion of curing for 36 gold pieces
  4941 | D:6      | Bought a potion of haste for 120 gold pieces
  4941 | D:6      | Bought a potion of heal wounds for 60 gold pieces
  4941 | D:6      | Bought a potion of lignification for 36 gold pieces
  4963 | D:6      | Reached skill level 11 in Long Blades
  5021 | D:6      | Killed Sigmund
  5040 | D:6      | Reached XP level 9. HP: 76/81 MP: 8/8
  5174 | D:6      | Noticed Pikel
  5185 | D:6      | Killed Pikel
  5803 | D:6      | Found a staircase to the Ecumenical Temple.
  5815 | Temple   | Entered the Ecumenical Temple
  5997 | Temple   | Became a worshipper of Ashenzari the Shackled
  6406 | D:7      | Reached skill level 12 in Long Blades
  6974 | D:7      | Mangled by an orc warrior

Skill      XL: |  1  2  3  4  5  6  7  8  9 |
---------------+----------------------------+-----
Long Blades    | 3 4 5 6 7 9 10 11 12 | 12.3
Fighting       | 4 6 7 9 |  9.6
Shields        | 4 |  4.0
Armour         | 6 8 |  8.3

Action                   |  1- 3 |  4- 6 |  7- 9 || total
-------------------------+-------+-------+-------++-------
Melee: Long sword        |   123 |   111 |   414 ||   648
       Headbutt          |    21 |    24 |    84 ||   129
Throw: Javelin           |       |     3 |    12 ||    15
Invok: Curse Item        |       |       |     3 ||     3
  Use: Scroll            |       |     1 |     4 ||     5
  Eat: Chunk             |     1 |     3 |    12 ||    16
       Ration            |       |     1 |       ||     1
Armor: Scale mail        |    28 |       |       ||    28
       Plate armour      |    32 |    58 |   154 ||   244
Dodge: Dodged            |    36 |    22 |    69 ||   127
Block: Shield            |    59 |    50 |    75 ||   184
       Buckler           |       |       |    32 ||    32
       Rpst.: Long sword |    13 |     6 |    14 ||    33
